NCAA
KENTUCKY WILDCATS @ INDIANA HOOSIERS
05/10/2026
 
TOP OF THE 1ST
Kentucky Wildcats batting - Pitching for Indiana Hoosiers : RHP Lawrence Wilson
Pitching: RHP Lawrence Wilson
Batting: LHB Eric Dillard 0-0: Bunted foul
0-1: Called Strike
0-2: Fly out, F7 (Flyball, 78M)
Batting: LHB César Rodríguez 0-0: Called Strike
0-1: SINGLE (Groundball, 6M)
Batting: SHB Arnold Moore 0-0: Ball
1-0: Foul Ball, location: 2F
1-1: Grounds into double play, 6-4-3 (Groundball, 6)
Top of the 1st over - 0 run(s), 1 hit(s), 0 error(s), 0 left on base; Kentucky 0 - Indiana 0
BOTTOM OF THE 1ST
Indiana Hoosiers batting - Pitching for Kentucky Wildcats : RHP Dominic Charette
Pitching: RHP Dominic Charette
Batting: RHB Curtis West 0-0: Called Strike
0-1: Foul Ball, location: 2F
0-2: Fly out, F8 (Flyball, 8LS)
Batting: RHB Troy Johnson 0-0: Ball
1-0: Called Strike
1-1: Ball
2-1: Ball
3-1: Base on Balls
Batting: RHB Stephen Concepción 0-0: Swinging Strike
0-1: Ball
1-1: 2-RUN HOME RUN (Flyball, 78D), Distance : 387 ft
Batting: SHB Terry Christian 0-0: Foul Ball, location: 2F
0-1: Ball
1-1: Hit by Pitch
Batting: RHB Mark Cornett 0-0: Ball
Terry Christian steals 2nd base
1-0: Called Strike
Terry Christian is caught stealing 3rd base
1-1: Swinging Strike
1-2: SINGLE (Groundball, 4M)
Batting: RHB Elwood López 0-0: Swinging Strike
0-1: Ball
1-1: Swinging Strike
1-2: Strikes out swinging
Bottom of the 1st over - 2 run(s), 2 hit(s), 0 error(s), 1 left on base; Kentucky 0 - Indiana 2
TOP OF THE 2ND
Kentucky Wildcats batting - Pitching for Indiana Hoosiers : RHP Lawrence Wilson
Batting: RHB Robert Rose 0-0: Foul Ball, location: 2F
0-1: Foul Ball, location: 2F
0-2: Ball
1-2: Ball
2-2: Foul Ball, location: 2F
2-2: Ball
3-2: Foul Ball, location: 2F
3-2: Fly out, F2 (Popup, 2LF)
Batting: RHB Bob Zambrano 0-0: Fly out, F3 (Popup, 3L)
Batting: RHB Roberto Juárez 0-0: Foul Ball, location: 2F
0-1: Swinging Strike
0-2: Ball
1-2: Strikes out swinging
Top of the 2nd over - 0 run(s), 0 hit(s), 0 error(s), 0 left on base; Kentucky 0 - Indiana 2
BOTTOM OF THE 2ND
Indiana Hoosiers batting - Pitching for Kentucky Wildcats : RHP Dominic Charette
Batting: LHB Michael Hanson 0-0: Called Strike
0-1: Ball
1-1: Bunt for hit - play at first, batter OUT! 1-3
Batting: RHB Terry Pittman 0-0: Called Strike
0-1: Ball
1-1: Called Strike
1-2: Strikes out swinging
Batting: RHB Armando Bernard 0-0: Ball
1-0: Ball
2-0: Foul Ball, location: 2F
2-1: Ball
3-1: Foul Ball, location: 2F
3-2: Foul Ball, location: 2F
3-2: Foul Ball, location: 2F
3-2: Base on Balls
Batting: RHB Curtis West 0-0: Called Strike
0-1: Called Strike
0-2: Ball
Armando Bernard is caught stealing 2nd base
Bottom of the 2nd over - 0 run(s), 0 hit(s), 0 error(s), 0 left on base; Kentucky 0 - Indiana 2
TOP OF THE 3RD
Kentucky Wildcats batting - Pitching for Indiana Hoosiers : RHP Lawrence Wilson
Batting: RHB Julius Farmer 0-0: Called Strike
0-1: Swinging Strike
0-2: Strikes out looking
Batting: SHB Russ Beasley 0-0: SINGLE (Flyball, 8RS)
Batting: RHB Morris Wilson 0-0: Ball
1-0: Swinging Strike
1-1: Ball
2-1: Called Strike
2-2: Strikes out swinging
Russ Beasley steals 2nd base
Batter strikes out.
Batting: LHB Eric Dillard 0-0: Ball
1-0: Foul Ball, location: 2F
1-1: SINGLE (Groundball, 34) (infield hit)
Russ Beasley to third
Batting: LHB César Rodríguez 0-0: Called Strike
0-1: Swinging Strike
0-2: Foul Ball, location: 2F
0-2: Ball
1-2: Ball
2-2: Ball
3-2: Base on Balls
Eric Dillard to second
Batting: SHB Arnold Moore 0-0: Ball
1-0: Fly out, F5 (Popup, 5SF)
Top of the 3rd over - 0 run(s), 2 hit(s), 0 error(s), 3 left on base; Kentucky 0 - Indiana 2
BOTTOM OF THE 3RD
Indiana Hoosiers batting - Pitching for Kentucky Wildcats : RHP Dominic Charette
Batting: RHB Curtis West 0-0: Fly out, F9 (Flyball, 9LM)
Batting: RHB Troy Johnson 0-0: Foul Ball, location: 2F
0-1: Foul Ball, location: 2F
0-2: Strikes out looking
Batting: RHB Stephen Concepción 0-0: Foul Ball, location: 2F
0-1: Ball
1-1: Called Strike
1-2: Ball
2-2: Foul Ball, location: 2F
2-2: Ball
3-2: Base on Balls
Batting: SHB Terry Christian 0-0: Ball
1-0: Ball
Wild Pitch!
Stephen Concepción to second
2-0: Called Strike
Stephen Concepción is caught stealing 3rd base
Bottom of the 3rd over - 0 run(s), 0 hit(s), 0 error(s), 0 left on base; Kentucky 0 - Indiana 2
TOP OF THE 4TH
Kentucky Wildcats batting - Pitching for Indiana Hoosiers : RHP Lawrence Wilson
Batting: RHB Robert Rose 0-0: Swinging Strike
0-1: Ball
1-1: SINGLE (Line Drive, 7LS)
Batting: RHB Bob Zambrano 0-0: Ball
1-0: Called Strike
1-1: Foul Ball, location: 2F
1-2: Grounds into double play, 6-4-3 (Groundball, 6)
Batting: RHB Roberto Juárez 0-0: Foul Ball, location: 2F
0-1: Ball
1-1: Swinging Strike
1-2: Ground out 4-3 (Groundball, 4)
Top of the 4th over - 0 run(s), 1 hit(s), 0 error(s), 0 left on base; Kentucky 0 - Indiana 2
BOTTOM OF THE 4TH
Indiana Hoosiers batting - Pitching for Kentucky Wildcats : RHP Dominic Charette
Batting: SHB Terry Christian 0-0: Called Strike
0-1: Foul Ball, location: 2F
0-2: Foul Ball, location: 2F
0-2: SINGLE (Flyball, 8LS)
Batting: RHB Mark Cornett 0-0: Called Strike
0-1: Fly out, F7 (Line Drive, 78M)
Batting: RHB Elwood López 0-0: Ball
1-0: Ball
2-0: Called Strike
2-1: Called Strike
2-2: Fly out, F8 (Flyball, 8RM)
Batting: LHB Michael Hanson 0-0: Ball
1-0: SINGLE (Groundball, 56D) (infield hit)
Terry Christian to second
Batting: RHB Terry Pittman 0-0: Called Strike
0-1: Foul Ball, location: 2F
0-2: Ball
1-2: Fly out, F8 (Flyball, 8RM)
Bottom of the 4th over - 0 run(s), 2 hit(s), 0 error(s), 2 left on base; Kentucky 0 - Indiana 2
TOP OF THE 5TH
Kentucky Wildcats batting - Pitching for Indiana Hoosiers : RHP Lawrence Wilson
Batting: RHB Julius Farmer 0-0: Foul Ball, location: 2F
0-1: Swinging Strike
0-2: Strikes out looking
Batting: SHB Russ Beasley 0-0: Called Strike
0-1: Called Strike
0-2: Strikes out swinging
Batting: RHB Morris Wilson 0-0: Ball
1-0: Called Strike
1-1: Ball
2-1: Ground out 6-3 (Groundball, 56)
Top of the 5th over - 0 run(s), 0 hit(s), 0 error(s), 0 left on base; Kentucky 0 - Indiana 2
BOTTOM OF THE 5TH
Indiana Hoosiers batting - Pitching for Kentucky Wildcats : RHP Dominic Charette
Batting: RHB Armando Bernard 0-0: Ball
1-0: Ball
2-0: Ball
3-0: Called Strike
3-1: Base on Balls
Batting: RHB Curtis West 0-0: Foul Ball, location: 2F
0-1: Ball
1-1: Grounds into double play, 5-4-3 (Groundball, 56)
Batting: RHB Troy Johnson 0-0: Called Strike
0-1: Ball
1-1: Called Strike
1-2: Ground out 2-3 (Groundball, 23)
Bottom of the 5th over - 0 run(s), 0 hit(s), 0 error(s), 0 left on base; Kentucky 0 - Indiana 2
TOP OF THE 6TH
Kentucky Wildcats batting - Pitching for Indiana Hoosiers : RHP Lawrence Wilson
Batting: LHB Eric Dillard 0-0: Ball
1-0: Fly out, F8 (Flyball, 8RS)
Batting: LHB César Rodríguez 0-0: Fly out, F6 (Popup, 6M)
Batting: SHB Arnold Moore 0-0: Ball
1-0: Fly out, F8 (Line Drive, 8RM)
Top of the 6th over - 0 run(s), 0 hit(s), 0 error(s), 0 left on base; Kentucky 0 - Indiana 2
BOTTOM OF THE 6TH
Indiana Hoosiers batting - Pitching for Kentucky Wildcats : RHP Dominic Charette
Pitching: LHP Félix Martínez
Batting: RHB Stephen Concepción 0-0: Called Strike
0-1: Fly out, F8 (Popup, 8LS)
Batting: SHB Terry Christian 0-0: Called Strike
0-1: Ball
1-1: Called Strike
1-2: Ball
2-2: Foul Ball, location: 2F
2-2: Strikes out looking
Batting: RHB Mark Cornett 0-0: Ball
1-0: Ball
2-0: Ball
3-0: Base on Balls
Batting: RHB Elwood López 0-0: Ball
1-0: Ball
2-0: Fielders Choice at 2nd, 5-4 (Groundball, 56)
Bottom of the 6th over - 0 run(s), 0 hit(s), 0 error(s), 0 left on base; Kentucky 0 - Indiana 2
TOP OF THE 7TH
Kentucky Wildcats batting - Pitching for Indiana Hoosiers : RHP Lawrence Wilson
Batting: RHB Robert Rose 0-0: Swinging Strike
0-1: Called Strike
0-2: Ball
1-2: Ball
2-2: Foul Ball, location: 2F
2-2: Ball
3-2: Foul Ball, location: 2F
3-2: Foul Ball, location: 2F
3-2: Strikes out swinging
Batting: RHB Bob Zambrano 0-0: Ball
1-0: Ball
2-0: Called Strike
2-1: Called Strike
2-2: Foul Ball, location: 2F
2-2: Ball
3-2: Strikes out looking
Batting: RHB Roberto Juárez 0-0: Called Strike
0-1: Ball
1-1: Foul Ball, location: 2F
1-2: Ball
2-2: Strikes out swinging
Top of the 7th over - 0 run(s), 0 hit(s), 0 error(s), 0 left on base; Kentucky 0 - Indiana 2
BOTTOM OF THE 7TH
Indiana Hoosiers batting - Pitching for Kentucky Wildcats : LHP Félix Martínez
Batting: LHB Michael Hanson 0-0: Called Strike
0-1: Swinging Strike
0-2: Fly out, F7 (Flyball, 78M)
Batting: RHB Terry Pittman 0-0: Ball
1-0: Called Strike
1-1: Swinging Strike
1-2: Strikes out looking
Batting: RHB Armando Bernard 0-0: Foul Ball, location: 2F
0-1: Fly out, F8 (Flyball, 8LM)
Bottom of the 7th over - 0 run(s), 0 hit(s), 0 error(s), 0 left on base; Kentucky 0 - Indiana 2
TOP OF THE 8TH
Kentucky Wildcats batting - Pitching for Indiana Hoosiers : RHP Lawrence Wilson
Pitching: LHP Juan Vásquez
Batting: RHB Julius Farmer 0-0: Ball
1-0: Fly out, F8 (Flyball, 8LM)
Batting: SHB Russ Beasley 0-0: Called Strike
0-1: Fly out, F8 (Flyball, 8LM)
Batting: RHB Morris Wilson 0-0: Called Strike
0-1: Ball
1-1: Foul Ball, location: 2F
1-2: Ball
2-2: Strikes out swinging
Top of the 8th over - 0 run(s), 0 hit(s), 0 error(s), 0 left on base; Kentucky 0 - Indiana 2
BOTTOM OF THE 8TH
Indiana Hoosiers batting - Pitching for Kentucky Wildcats : LHP Félix Martínez
Batting: RHB Curtis West 0-0: Ball
1-0: Swinging Strike
1-1: Reached on error, E6 (Groundball, 6)
Batting: RHB Troy Johnson 0-0: Ball
1-0: Hit by Pitch
Batting: RHB Stephen Concepción 0-0: Ground out 5-3 (Groundball, 56S)
Curtis West to third
Troy Johnson to second
Batting: SHB Terry Christian 0-0: Intentional Walk
Batting: RHB Mark Cornett 0-0: Ball
1-0: Swinging Strike
1-1: Ball
2-1: Foul Ball, location: 2F
2-2: Foul Ball, location: 2F
2-2: Ball
3-2: Foul Ball, location: 2F
3-2: Base on Balls
Curtis West scores
Troy Johnson to third
Terry Christian to second
Batting: RHB Elwood López 0-0: Called Strike
0-1: Foul Ball, location: 2F
0-2: Ball
1-2: Strikes out swinging
Batting: LHB Michael Hanson 0-0: SINGLE (Groundball, 34D)
Troy Johnson scores
Terry Christian to third
Mark Cornett to second
Runner from 3rd tries for Home, SAFE, no throw or cutoff
Batting: RHB Terry Pittman 0-0: Ball
1-0: Foul Ball, location: 2F
1-1: Foul Ball, location: 2F
1-2: Fly out, F7 (Flyball, 7LM)
Bottom of the 8th over - 3 run(s), 1 hit(s), 1 error(s), 2 left on base; Kentucky 0 - Indiana 5
TOP OF THE 9TH
Kentucky Wildcats batting - Pitching for Indiana Hoosiers : LHP Juan Vásquez
Pitching: LHP Kel Pitts
Batting: LHB Eric Dillard 0-0: SINGLE (Groundball, 34D)
Batting: LHB César Rodríguez 0-0: Ball
1-0: Ball
2-0: Called Strike
2-1: Foul Ball, location: 2F
2-2: Foul Ball, location: 2F
2-2: Foul Ball, location: 2F
2-2: Ball
3-2: Foul Ball, location: 2F
3-2: Base on Balls
Eric Dillard to second
Batting: SHB Arnold Moore 0-0: Foul Ball, location: 2F
0-1: Ball
1-1: Ball
2-1: Ball
3-1: Swinging Strike
3-2: Base on Balls
Eric Dillard to third
César Rodríguez to second
Batting: RHB Robert Rose 0-0: Ball
1-0: Foul Ball, location: 2F
1-1: Foul Ball, location: 2F
1-2: Strikes out swinging
Batting: RHB Bob Zambrano 0-0: Foul Ball, location: 2F
0-1: Ball
1-1: Foul Ball, location: 2F
1-2: Foul Ball, location: 2F
1-2: Fielders Choice at 2nd, 6-4 (Groundball, 6M)
Eric Dillard scores
César Rodríguez to third
Batting: RHB Roberto Juárez 0-0: Foul Ball, location: 2F
0-1: Ball
1-1: Ball
2-1: Foul Ball, location: 2F
2-2: Strikes out looking
Top of the 9th over - 1 run(s), 1 hit(s), 0 error(s), 2 left on base; Kentucky 1 - Indiana 5
Monday, December 5th, 2016 - OOTP Baseball 17.12 Build 75